 Dungeon Crawl Stone Soup version 0.27-a0-705-ga0013940fb (webtiles) character file.

Game seed: 3211637325314648173

1180 porpoise the Covert (level 8, 0/62 HPs)
             Began as an Octopode Wanderer on Mar 23, 2021.
             Was an Initiate of Okawaru.
             Slain by Dowan
             ... wielding a +0 dagger
              (6 damage)
             ... on level 6 of the Dungeon.
             The game lasted 00:21:26 (6357 turns).

porpoise the Covert (Octopode Wanderer)             Turns: 6357, Time: 00:21:26

Health: 0/62       AC:  1    Str: 13    XL:     8   Next: 42%
Magic:  8/8        EV: 21    Int: 11    God:    Okawaru [......]
Gold:   60         SH:  5    Dex: 15    Spells: 3/7 levels left

rFire    . . .     SeeInvis .   a - +2 spear
rCold    . . .     Faith    .   k - +0 buckler
rNeg     . . .     Spirit   .   (helmet restricted)
rPois    .         Reflect  .   (no amulet)
rElec    .         Harm     .   y - ring of resist corrosion
rCorr    +         Rampage  .   z - +4 ring of evasion
Will     .....                  (no ring)
Stlth    +++++.....             (no ring)
HPRegen  0.20/turn              (no ring)
MPRegen  0.11/turn              (no ring)
                                (no ring)
                                (no ring)

@: no status effects
A: almost no armour, amphibious, 8 rings, camouflage 1, gelatinous body 1,
nimble swimmer 1, tentacles
a: Renounce Religion


You were on level 6 of the Dungeon.
You worshipped Okawaru.
Okawaru was noncommittal.
You visited 2 branches of the dungeon, and saw 7 of its levels.

You collected 200 gold pieces.
You spent 140 gold pieces at shops.

Inventory:

Hand Weapons
 a - a +2 spear (weapon)
 b - a +0 hunting sling
 l - a +0 trident
 w - a +0 dagger
 A - a +0 broad axe
Missiles
 g - 114 stones
 r - 8 poisoned darts (quivered)
 t - 7 boomerangs
 v - 25 bolts
 B - 4 javelins
Armour
 k - a +0 buckler (worn)
Jewellery
 y - a ring of resist corrosion (left tentacle)
 z - a +4 ring of evasion (right tentacle)
Scrolls
 h - 3 scrolls of immolation
 j - a scroll of vulnerability {unknown}
 m - a scroll of enchant weapon {unknown}
 o - 8 scrolls of teleportation
 q - 2 scrolls of amnesia {unknown}
 s - a scroll of enchant armour
 u - a scroll of noise {unknown}
 x - a scroll of magic mapping {unknown}
Potions
 c - a potion of resistance
 d - a potion of attraction
 e - a potion of ambrosia
 f - 2 potions of mutation
 i - a potion of might {unknown}
 n - a potion of brilliance {unknown}
 p - a potion of haste {unknown}
 C - a potion of curing
 D - a potion of heal wounds
 E - a potion of degeneration {unknown}


   Skills:
 - Level 8.3 Fighting
 - Level 4.7 Short Blades
 - Level 4.7 Polearms
 - Level 8.0 Dodging
 - Level 9.7 Stealth
 + Level 3.1 Shields


You had 3 spell levels left.
You knew the following spells:

 Your Spells              Type           Power      Damage    Failure   Level
a - Animate Dead          Necr           0%         N/A       98%         4

Your spell library contained the following spells:

 Spells                   Type           Power      Damage    Failure   Level
 Animate Skeleton         Necr           0%         N/A       36%         1
 Pain                     Necr           0%         1d4       36%         1
 Vampiric Draining        Necr           0%         2d6       75%         3
 Agony                    Necr           0%         N/A       100%        5


Dungeon Overview and Level Annotations

Branches:
Dungeon (6/15)             Temple (1/1) D:5

Altars:
Ashenzari
Cheibriados
Dithmenos
Elyvilon
Fedhas
Gozag
Hepliaklqana
Kikubaaqudgha
Makhleb
Nemelex Xobeh
Okawaru
Ru
Trog
Uskayaw
Wu Jian
Xom
Yredelemnul
The Shining One

Shops:
D:6 *

Annotations:
D:4 Blork the orc
D:6 Dowan, Duvessa


Innate Abilities, Weirdness & Mutations

You cannot wear most types of armour.
You are amphibious.
You can wear up to eight rings at the same time.
Your skin changes colour to match your surroundings (Stealth+).
Your rubbery body absorbs attacks. (AC +1, EV +1)
You are stealthy while swimming. (Stealth+)
You have tentacles for arms and can constrict up to eight enemies at once.


Message History

The puff of frost hits you! Duvessa hits you with a +0 rapier.
Really attack while wielding your +0 hunting sling?
Okay, then.
Unknown command.
a - a +2 spear (weapon)
You hit Duvessa. Your grab misses Duvessa.
Duvessa is lightly wounded.
Dowan completely misses you. Duvessa hits you with a +0 rapier.
Unknown command.
You hit Duvessa but do no damage. Your grab misses Duvessa.
You squeeze Duvessa.
Duvessa is moderately wounded.
Dowan completely misses you. Duvessa barely misses you.
You hit Duvessa but do no damage. You grab Duvessa.
Duvessa is moderately wounded.
You constrict Duvessa, but do no damage.
Dowan misses you. Duvessa completely misses you.
You hit Duvessa. You squeeze Duvessa.
Duvessa is moderately wounded.
You constrict Duvessa. Dowan completely misses you.
Duvessa completely misses you.
You closely miss Dowan. Your grab misses Dowan. Your squeeze misses Dowan.
Dowan is moderately wounded.
You constrict Duvessa, but do no damage.
Dowan looks more healthy.
Dowan gestures at you while chanting. You resist with some effort.
You closely miss Dowan. Your grab misses Dowan.
Dowan is moderately wounded.
You constrict Duvessa. Duvessa completely misses you.
You hit Dowan. You grab Dowan.
Dowan is moderately wounded.
You constrict Duvessa, but do no damage.
You constrict Dowan, but do no damage.
Duvessa looks more healthy.
Dowan hits you but does no damage. Duvessa hits you with a +0 rapier!
* * * LOW HITPOINT WARNING * * *
You hit Duvessa.
Duvessa is severely wounded.
You constrict Duvessa. You constrict Dowan. Dowan hits you with a +0 dagger.
You die...

## #.# ##.## .# #.# ##.)#
.## #.####...## ..#
#.##......# ..##
##.#...#...# ...##
##.....###..#
....###.....## #..##
........###..# #...#
.......## #...##@..## .
......## ##...#ee..##...
.....## #.............
......# #.............
....... #....##........
##...... ...... .........
.#............#..........
.#...... ......e....#####
..#..... ...........#


You could see Duvessa and Dowan.

Vanquished Creatures
  A centaur (D:5)
  An ogre (D:5)
  A phantom (D:5)
  A howler monkey (D:5)
  A centaur zombie (D:5)
  A bullfrog skeleton (D:5)
  A hound (D:3)
  2 jellies (D:3)
  2 orc priests (D:3)
  3 orc wizards (D:5)
  8 gnolls (D:3)
  9 adders
  An ufetubus (D:5)
  A worm (D:2)
  24 orcs
  4 giant cockroaches
  5 goblins
  3 hobgoblins (D:3)
  An iguana (D:3)
  5 jackals
  8 oozes
  3 quokkas
  5 ball pythons
  5 bats
  4 frilled lizards
  3 kobolds (D:1)
  3 quokka skeletons
  5 rats
111 creatures vanquished.

Notes
Turn   | Place    | Note
-------+----------+-------------------------------------------
     0 | D:1      | porpoise the Octopode Wanderer began the quest for the Orb.
     0 | D:1      | porpoise set off with the following items: a +2 spear, a
                  | scroll of teleportation, a potion of curing, a +0 dagger
     0 | D:1      | Reached XP level 1. HP: 14/14 MP: 1/1
   360 | D:1      | Reached XP level 2. HP: 20/20 MP: 2/2
   570 | D:1      | Reached skill level 7 in Stealth
   825 | D:2      | Found a bloodstained altar of Trog.
  1144 | D:2      | Found a shimmering altar of Xom.
  1144 | D:2      | Found an ancient bone altar of Kikubaaqudgha.
  1184 | D:2      | Reached XP level 3. HP: 26/26 MP: 3/3
  1281 | D:2      | Found a shadowy altar of Dithmenos.
  1721 | D:3      | Reached XP level 4. HP: 33/33 MP: 4/4
  2200 | D:3      | Reached skill level 5 in Fighting
  2200 | D:3      | Reached XP level 5. HP: 36/39 MP: 5/5
  2491 | D:3      | Reached XP level 6. HP: 40/45 MP: 6/6
  2667 | D:3      | Found a shimmering altar of Xom.
  3684 | D:4      | Reached skill level 9 in Stealth
  3684 | D:4      | Reached XP level 7. HP: 56/56 MP: 7/7
  4009 | D:4      | Noticed Blork the orc
  4332 | D:5      | Entered Level 5 of the Dungeon
  4340 | D:5      | Reached skill level 1 in Shields
  4356 | D:5      | Reached XP level 8. HP: 11/62 MP: 8/8
  4668 | D:5      | Found a staircase to the Ecumenical Temple.
  5360 | D:5      | Found a hide-covered altar of Uskayaw.
  5496 | D:5      | Found an ornate altar of the Wu Jian Council.
  5517 | D:5      | Learned a level 4 spell: Animate Dead
  5796 | Temple   | Entered the Ecumenical Temple
  5898 | Temple   | Became a worshipper of Warmaster Okawaru
  6167 | D:6      | Found Futzusm's General Store.
  6176 | D:6      | Bought a potion of curing for 42 gold pieces
  6176 | D:6      | Bought a potion of heal wounds for 70 gold pieces
  6176 | D:6      | Bought a scroll of identify for 28 gold pieces
  6333 | D:6      | Noticed Dowan
  6337 | D:6      | Noticed Duvessa
  6357 | D:6      | Slain by Dowan

Illustrated notes

Levels and vault maps discovered:
D:1:      elethiomel_arrival_quiet, layout_basic
D:2:      layout_rooms, grunt_dithmenos_smoke, gammafunk_temple_overflow_wave,
          trog_butcher_becter
D:3:      layout_rooms, dk_xom_monty_hall
D:4:      layout_loops_ring, tgw_sif, minmay_close_crescents
D:5:      layout_loops_ring, eat_drink_and_be_merry_uskayaw,
          nicolae_overflow_crystal_walls, temple_doors_e, kennysheep_donut,
          minivault_26
D:6:      layout_layer_cave, serial_shops, shop, hellmonk_ghost_happy_afterlife,
          uniq_duvessa, uniq_crazy_yiuf_cottage
Temple:   dshaligram_water_room_temple

Skill      XL: |  1  2  3  4  5  6  7  8 |
---------------+-------------------------+-----
Stealth        | 7 9 |  9.7
Fighting       | 3 4 5 8 |  8.3
Dodging        | 3 8 |  8.0
Short Blades   | 4 |  4.7
Polearms       | 4 |  4.7
Shields        | 1 3 |  3.1

Action                   |  1- 3 |  4- 6 |  7- 9 || total
-------------------------+-------+-------+-------++-------
Melee: Spear             |    62 |   110 |   102 ||   274
       Constrict         |     9 |    27 |    19 ||    55
       Tentacles         |     5 |    25 |    20 ||    50
       Dagger            |     2 |     4 |     7 ||    13
 Fire: Hunting sling     |       |    23 |    16 ||    39
Throw: Stone             |     1 |     3 |       ||     4
       Dart              |       |       |     4 ||     4
  Use: Potion            |       |     2 |     4 ||     6
       Scroll            |       |     6 |     2 ||     8
 Stab: Sleeping          |    15 |     4 |     6 ||    25
Armor: Skin              |     4 |     2 |     4 ||    10
Dodge: Dodged            |    17 |    51 |    39 ||   107
Block: Buckler           |       |       |    12 ||    12

Table legend: (Time is in decaauts)
 A = Elapsed time spent in this place.
 B = Non-inter-level travel time spent in this place.
 C = Inter-level travel time spent in this place.
 D = Time resting spent in this place.
 E = Time spent auto-exploring this place.
 F = Levels seen in this place.
 G = Mean time per level.
                   A        B        C        D        E       F      G
               +--------+--------+--------+--------+--------+-----+--------+
         Total |   6334 |   6089 |    245 |   2327 |   2653 |   7 |  904.9 |
       Dungeon |   6223 |   5987 |    236 |   2327 |   2584 |   6 | 1037.2 |
        Temple |    111 |    102 |      9 |      0 |     69 |   1 |  111.0 |
               +--------+--------+--------+--------+--------+-----+--------+

Top non-repeatable levels by time:
     D:3: 1625 daAuts
     D:5: 1449 daAuts
     D:2: 1228 daAuts
     D:4: 894 daAuts
     D:1: 826 daAuts
     D:6: 199 daAuts
  Temple: 111 daAuts
